 Dungeon Crawl Stone Soup version 0.28.0-53-g5a82cb258f (webtiles) character file.

Game seed: 15693910882900011698

79 Peloso the Shield-Bearer (level 4, -1/40 HPs)
             Began as a Minotaur Fighter on June 5, 2022.
             Slain by a black bear (3 damage)
             ... on level 3 of the Dungeon.
             The game lasted 00:03:08 (2110 turns).

Peloso the Shield-Bearer (Minotaur Fighter)         Turns: 2110, Time: 00:03:09

Health: -1/40      AC:  8    Str: 20    XL:     4   Next: 16%
Magic:  3/3        EV:  9    Int:  5    God:
Gold:   177        SH:  5    Dex: 12    Spells: 3/3 levels left

rFire   . . .      SeeInvis .   a - +0 long sword
rCold   . . .      Faith    .   c - +0 buckler
rNeg    . . .      Spirit   .   b - +0 scale mail
rPois   .          Reflect  .   (helmet restricted)
rElec   .          Harm     .   (no cloak)
rCorr   .          Rampage  .   (no gloves)
Will    .....                   e - +0 pair of boots
Stlth   ..........              (no amulet)
HPRegen 0.13/turn               (no ring)
MPRegen 0.08/turn               (no ring)

@: no status effects
A: horns 2, retaliatory headbutt
a: no special abilities


You were on level 3 of the Dungeon.
You visited 1 branch of the dungeon, and saw 3 of its levels.

You collected 177 gold pieces.

Inventory:

Hand Weapons
 a - a +0 long sword (weapon)
Armour
 b - a +0 scale mail (worn)
 c - a +0 buckler (worn)
 e - a +0 pair of boots (worn)
Scrolls
 f - a scroll of blinking {unknown}
 g - a scroll of vulnerability {unknown}
 j - a scroll of immolation {unknown}
Potions
 d - a potion of might
 h - a potion of ambrosia {unknown}
 i - a potion of invisibility


   Skills:
 + Level 4.2 Fighting
 + Level 3.7 Long Blades
 + Level 4.2 Armour
 + Level 4.4 Shields


You had 3 spell levels left.
You didn't know any spells.
Your spell library contained the following spells:

 Spells                   Type           Power      Damage    Failure   Level
 Beastly Appendage        Tmut           0%         N/A       88%         1
 Wereblood                Tmut           0%         N/A       96%         2
 Spider Form              Tmut/Pois      0%         N/A       99%         3


Dungeon Overview and Level Annotations

Branches:
Dungeon (3/15)

Altars:
Makhleb
Ru

Shops:
D:1 (=


Innate Abilities, Weirdness & Mutations

You have a pair of horns on your head.
You reflexively headbutt those who attack you in melee.


Message History

The black bear claws you but does no damage. x2
You slash the black bear!
The black bear is moderately wounded.
The black bear bites you!
The black bear claws you but does no damage.
The black bear barely misses you.
You hit the black bear but do no damage.
The black bear is moderately wounded.
The black bear bites you but does no damage.
The black bear claws you but does no damage.
The black bear barely misses you. You block the black bear's attack.
The black bear claws you. The black bear completely misses you.
You hit the black bear but do no damage.
The black bear is moderately wounded.
The black bear bites you. You block the black bear's attack.
The black bear closely misses you.
You hit the black bear.
The black bear is moderately wounded.
You block the black bear's attack. The black bear claws you.
The black bear barely misses you.
You slash the black bear!
You headbutt the black bear, but do no damage.
The black bear is severely wounded.
The black bear bites you.
The black bear claws you but does no damage. x2
You slash the black bear!
The black bear is almost dead.
The black bear goes berserk!
The black bear bites you!
* * * LOW HITPOINT WARNING * * *
The black bear barely misses you. You block the black bear's attack.
You hit the black bear but do no damage.
Your headbutt misses the black bear.
The black bear is almost dead.
The black bear bites you!
* * * LOW HITPOINT WARNING * * *
The black bear claws you but does no damage. x2
You hit the black bear. Your headbutt misses the black bear.
The black bear is almost dead.
The black bear bites you.
You die...

## .. .# .# ..
.###...
###.......
##..hh..... ###
##..@## .! ..#
#.....##...
##### #.#
#..........
....# #.#
#?....##...
###.# #.#
#....## #.. #
#.###.#####.#.##
. #
#...........#.#
#
#####.#######.#
# #.# #.#


You could see a black bear (berserk) and a jackal.

Vanquished Creatures
  2 adders (D:2)
  An ufetubus (D:2)
  A worm (D:2)
  A dart slug (D:2)
  5 bats
  5 endoplasms
  A giant cockroach (D:1)
  5 goblins
  2 hobgoblins
  3 jackals (D:1)
  A quokka (D:2)
  8 ball pythons
  3 frilled lizards
  5 kobolds (D:1)
  7 rats
50 creatures vanquished.

Vanquished Creatures (others)
  A fungus (D:2)
1 creature vanquished.

Grand Total: 51 creatures vanquished

Notes
Turn   | Place    | Note
-------+----------+-------------------------------------------
     0 | D:1      | Peloso the Minotaur Fighter began the quest for the Orb.
     0 | D:1      | Reached XP level 1. HP: 19/19 MP: 0/0
    26 | D:1      | Found Zoyzir's One-of-a-Kind Rings.
   169 | D:1      | Found Baiph's Weapon Boutique.
   253 | D:1      | Reached XP level 2. HP: 24/27 MP: 1/1
   764 | D:1      | Reached XP level 3. HP: 32/33 MP: 2/2
  1001 | D:2      | Found a sacrificial altar of Ru.
  1475 | D:2      | Reached XP level 4. HP: 28/40 MP: 3/3
  1604 | D:2      | Found a faded altar of an unknown god.
  2034 | D:3      | Found a burning altar of Makhleb.
  2095 | D:3      | Noticed a black bear
  2109 | D:3      | HP: 2/40 [black bear (8)]
  2110 | D:3      | Slain by a black bear

Illustrated notes

Levels and vault maps discovered:
D:1:      dpeg_arrival_chambers_temple_mockup, layout_basic, serial_shops, shop,
          nicolae_shop_unique_rings
D:2:      layout_rooms, serial_rivers, chequers_serial_rivers_micro_c,
          chequers_serial_rivers_marsh, chequers_serial_rivers_small_b,
          chequers_serial_rivers_micro_c, chequers_serial_rivers_small_b,
          shapermc_ecumenical_altar_acropolis, basic_altar,
          nicolae_concentric_dashed_squares_wild
D:3:      layout_loops_ring, amcnicky_altar_gilded

Skill      XL: |  1  2  3 |
---------------+----------+-----
Armour         | 4 |  4.2
Fighting       | 4 |  4.2
Shields        | 4 |  4.4
Long Blades    | 3 |  3.7

Action                   |  1- 3 |  4- 6 || total
-------------------------+-------+-------++-------
Melee: Long sword        |    90 |    19 ||   109
       Headbutt          |     5 |     2 ||     7
  Use: Scroll            |     3 |     1 ||     4
Armor: Scale mail        |    58 |    14 ||    72
Dodge: Dodged            |    51 |     8 ||    59
Block: Buckler           |    27 |     6 ||    33
